 Dungeon Crawl Stone Soup version 0.22.1-1-ga44c0e5 (webtiles) character file.

10673 SeriousVitamin the Carver (level 11, -4/112 (117) HPs)
             Began as a Demonspawn Chaos Knight on Oct 26, 2018.
             Engulfed by Nergalle the death drake's foul pestilence (6 damage)
             ... on level 11 of the Dungeon.
             The game lasted 00:36:10 (11836 turns).

SeriousVitamin the Carver (DsCK)                   Turns: 11836, Time: 00:36:11

HP:   -4/112 (117)  AC: 25    Str: 16    XL:     11   Next: 39%
MP:   0/20          EV:  2    Int: 18    God:    Xom [..*...]
Gold: 536           SH:  0    Dex: 15    Spells: 4/10 levels left

rFire    + . .     SeeInvis +   a - +3 falchion (chaos)
rCold    + . .     Gourm    +   (no shield)
rNeg     + + +     Faith    .   (armour currently unavailable)
rPois    +         Spirit   +   (helmet currently unavailable)
rElec    +         Reflect  .   (cloak currently unavailable)
rCorr    +         Harm     .   (gloves currently unavailable)
MR       .....     NoTele   +   (boots currently unavailable)
Stlth    +.........             m - amulet of the gourmand
HPRegen  0.00/turn              x - ring of see invisible
MPRegen  0.34/turn              H - ring of magical power

@: brilliant, lethally poisoned (-4 -> -16), tree-form, resistant,
non-regenerating, diseased, slowed, drained, very slow
A: agile 1, powered by pain 2, magic shield, magic regeneration, magic link
a: Renounce Religion


You were on level 11 of the Dungeon.
You worshipped Xom.
You were a toy of Xom.
You were full.
You were a tree.
You visited 1 branch of the dungeon, and saw 11 of its levels.

You collected 850 gold pieces.
You spent 314 gold pieces at shops.

Inventory:

Hand Weapons
 a - a +3 falchion of chaos (weapon)
Armour
 f - a +0 cloak (melded)
 s - a +0 pair of gloves of strength (melded)
 I - a +2 chain mail of magic resistance (melded)
Jewellery
 d - an uncursed ring of flight
 m - an amulet of the gourmand (around neck)
 x - a ring of see invisible (left branch)
 C - an uncursed ring of wizardry
 F - an uncursed ring of resist corrosion
 H - a ring of magical power (right branch)
Wands
 h - a wand of digging (18)
 q - a wand of flame (29)
 w - a wand of random effects (4)
 y - a wand of acid (11)
 A - a wand of polymorph (27)
 E - a wand of iceblast (1)
Scrolls
 e - 3 scrolls of blinking
 i - 4 scrolls of teleportation
 j - 2 scrolls of amnesia {unknown}
 l - 2 scrolls of immolation {unknown}
 n - 3 scrolls of enchant armour {unknown}
 o - 5 scrolls of remove curse
 v - a scroll of fear {unknown}
 D - 3 scrolls of fog {unknown}
 G - a scroll of identify
Potions
 b - a potion of magic
 r - a potion of haste
 t - 3 potions of flight
Comestibles
 c - 23 rations


   Skills:
 - Level 4.3(4.2) Fighting
 - Level 11.1(11.0) Long Blades
 - Level 3.3(3.2) Armour
 - Level 0.8(0.7) Dodging
 + Level 11.1(10.9) Conjurations
 * Level 3.9(3.7) Fire Magic
 - Level 3.9(3.8) Ice Magic


You had 4 spell levels left.
You knew the following spells:

 Your Spells              Type           Power        Failure   Level  Hunger
a - Freeze                Ice            ###.         1%          1    ##.....
b - Bolt of Magma         Conj/Fire/Erth ####......   10%         5    ######.

Your spell library contained the following spells:

 Spells                   Type           Power        Failure   Level  Hunger
 Sting                    Conj/Pois      ####         1%          1    ##.....
 Throw Frost              Conj/Ice       #####.       1%          2    ###....
 Mephitic Cloud           Conj/Pois/Air  ###.....     1%          3    ####...
 Throw Icicle             Conj/Ice       #####...     1%          4    #####..
 Animate Skeleton         Necr           N/A          2%          1    ##.....
 Pain                     Necr           ##..         2%          1    ##.....
 Inner Flame              Hex/Fire       ###.....     3%          3    ####...
 Ozocubu's Armour         Chrm/Ice       ###.....     3%          3    ####...
 Poisonous Vapours        Pois/Air       ##....       4%          2    ###....
 Regeneration             Chrm/Necr      ##........   8%          3    ####...
 Vampiric Draining        Necr           ##........   8%          3    ####...
 Summon Ice Beast         Ice/Summ       ###.....     11%         4    #####..
 Animate Dead             Necr           N/A          22%         4    #####..
 Olgreb's Toxic Radiance  Pois           ##......     22%         4    #####..
 Iskenderun's Battlesphe  Conj/Chrm      ####....     8%          5    ######.
 Lightning Bolt           Conj/Air       ####......   8%          5    ######.
 Venom Bolt               Conj/Pois      ####......   8%          5    ######.
 Bolt of Fire             Conj/Fire      #####.....   17%         6    #######
 Orb of Destruction       Conj           ######....   22%         7    #######
 Iron Shot                Conj/Erth      ####......   34%         6    #######
 Spellforged Servitor     Conj/Summ      ####......   83%         7    #######
 Tornado                  Air            ##........   100%        9    #######


Dungeon Overview and Level Annotations

Branches:
Dungeon (11/15)            Temple (0/1) D:5            Lair (0/6) D:9
    Orc: D:9-12

Altars:
Elyvilon
Hepliaklqana
Okawaru
Uskayaw
Xom
Yredelemnul
The Shining One

Shops:
D:7 *

Portals:
Trove: D:11 (give +6 fire dragon scales)

Annotations:
D:11 Gastronok, Nergalle


Innate Abilities, Weirdness & Mutations

((You have large cloven feet.))
((You are mostly covered in yellow scales. (AC +3)))
You sometimes gain power by taking damage.
When hurt, damage is shared between your health and your magic reserves.
You regenerate magic rapidly.
When low on magic, you restore magic in place of health.
You are agile. (Dex +2)
((Your flesh is heat resistant. (rF+)))


Message History

Nergalle breathes miasma at you.
Your memorisation is interrupted.
The foul vapour engulfs you!
You hit Nergalle but do no damage.
Nergalle is severely wounded.
You are engulfed in dark miasma.
You feel your flesh rotting away!
You feel yourself slow down.
* * * LOW HITPOINT WARNING * * *
Xom's attention turns to you for a moment.
Your body is twisted painfully.
* * * LOW HITPOINT WARNING * * *
Nergalle bites you!
* * * LOW HITPOINT WARNING * * *
You closely miss Nergalle.
Nergalle is severely wounded.
You are engulfed in dark miasma.
You feel your flesh rotting away!
You feel ill.
You die...
Xom howls with laughter!

#..[........#
#.[.........#
####'######## #..# ##.#
#######)######
#...§........#
#....§k§.....#
#....§♣§.....# #######
#.....§§.....####......
#....§..>.........#####
#............######
##############


You could see Nergalle the death drake.

Vanquished Creatures
  A dire elephant (D:9)
  A two-headed ogre (D:9)
  A death yak (D:9)
  An unseen horror (D:11)
  Pikel (D:6)
  A centaur skeleton (D:10)
  A troll (D:10)
  A meliai (shapeshifter) (D:11)
  Grinder (D:5)
  A hippogriff (D:9)
  Sigmund (D:6)
  2 wyverns
  A spriggan (D:7)
  4 yaks (D:9)
  Menkaure (D:6)
  A porcupine (D:6)
  A water moccasin (D:8)
  An eye of draining (shapeshifter) (D:9)
  A black bear (D:9)
  6 ice beasts
  An orc warrior (D:11)
  3 phantoms
  A sky beast (D:5)
  2 necrophages
  2 ogres
  2 centaurs
  2 big kobolds
  A gnoll sergeant (D:9)
  A bullfrog (D:10)
  2 jellies (D:6)
  4 scorpions
  4 killer bees (D:8)
  11 wights
  3 howler monkeys
  2 quasits
  2 bullfrog zombies
  3 crimson imps
  4 hounds
  4 bullfrog skeletons
  8 orc priests
  6 orc wizards
  3 iguanas
  10 worker ants
  A killer bee zombie (D:6)
  A hound zombie (D:11)
  A worker ant zombie (D:4)
  11 gnolls
  17 adders
  A shadow imp (D:8)
  3 oozes
  2 adder zombies (D:6)
  An adder skeleton (D:4)
  6 worms
  3 dart slugs
  7 leopard geckos
  33 orcs
  9 bats
  6 giant cockroaches
  8 goblins
  14 hobgoblins
  12 jackals
  17 kobolds
  7 quokkas
  A ball python (D:2)
  6 frilled lizards
  5 rats
  A fungus (D:11)
283 creatures vanquished.

Vanquished Creatures (collateral kills)
  A death yak (D:9)
  2 centaurs (D:9)
  An orc priest (D:11)
  A centaur skeleton (D:9)
5 creatures vanquished.

Vanquished Creatures (others)
  A death yak (D:9)
  2 jellies (D:6)
  A killer bee (D:8)
  4 fungi (D:11)
8 creatures vanquished.

Grand Total: 296 creatures vanquished

Notes
Turn   | Place    | Note
-------+----------+-------------------------------------------
     0 | D:1      | SeriousVitamin the Demonspawn Chaos Knight began the quest
                  | for the Orb.
     0 | D:1      | Reached XP level 1. HP: 18/18 MP: 1/1
   177 | D:1      | XOM: harmless Tloc miscast
   206 | D:1      | Gained mutation: You have large cloven feet. [demonic
                  | ancestry]
   206 | D:1      | Reached XP level 2. HP: 23/24 MP: 2/2
   965 | D:2      | XOM: stealth player
   975 | D:2      | Gained mutation: You are partially covered in yellow
                  | scales. (AC +2) [demonic ancestry]
   975 | D:2      | Reached XP level 3. HP: 29/29 MP: 3/3
  1077 | D:2      | XOM: noise
  1312 | D:2      | Gained mutation: You are mostly covered in yellow scales.
                  | (AC +3) [demonic ancestry]
  1312 | D:2      | Reached XP level 4. HP: 34/35 MP: 4/4
  1531 | D:2      | Reached skill level 5 in Long Blades
  1535 | D:2      | Reached XP level 5. HP: 38/41 MP: 5/5
  1985 | D:3      | Found a glowing golden altar of the Shining One.
  2132 | D:3      | XOM: mild Hex miscast
  2160 | D:3      | Gained mutation: When hurt, damage is shared between your
                  | health and your magic reserves. [demonic ancestry]
  2160 | D:3      | Reached XP level 6. HP: 40/47 MP: 6/6
  2441 | D:3      | XOM: cloud trail
  2450 | D:3      | XOM: confuse monster(s)
  2451 | D:3      | XOM: mild Fire miscast
  2460 | D:3      | XOM: smoke on damage
  2480 | D:3      | XOM: potion effect (heal wounds)
  2484 | D:3      | XOM: noise
  2657 | D:3      | XOM: scenery: create altars
  2689 | D:3      | XOM: 1-stop teleportation journey
  2808 | D:3      | XOM: give mutations
  2808 | D:3      | Gained mutation: You are robust. (+10% HP) [Xom's grace]
  2808 | D:3      | Gained mutation: Your flesh is cold resistant. (rC+) [Xom's
                  | grace]
  2873 | D:3      | XOM: god gift: scroll labeled NERGHE RIBO {god gift}
  3097 | D:4      | XOM: god gift: book of Frost
  3100 | D:4      | Gained mutation: You sometimes gain a little power by
                  | taking damage. [demonic ancestry]
  3100 | D:4      | Reached XP level 7. HP: 41/57 MP: 5/7
  3102 | D:4      | XOM: fog
  3105 | D:4      | XOM: potion effect (heal wounds)
  3137 | D:4      | XOM: cloud trail
  3405 | D:5      | Entered Level 5 of the Dungeon
  3474 | D:5      | Found a staircase to the Ecumenical Temple.
  3620 | D:5      | Noticed Grinder
  3635 | D:5      | XOM: potion effect (might)
  3642 | D:5      | Killed Grinder
  3642 | D:5      | Gained mutation: You regenerate magic rapidly. [demonic
                  | ancestry]
  3642 | D:5      | Reached XP level 8. HP: 49/63 MP: 2/8
  3832 | D:5      | XOM: summons friendly ufetubus
  3834 | D:5      | XOM: enchant monster (good)
  3879 | D:5      | XOM: mild Hex miscast
  4155 | D:5      | Learned a level 1 spell: Freeze
  4302 | D:6      | Noticed Eustachio
  4314 | D:6      | XOM: divination: detect items
  4331 | D:6      | XOM: scenery: 2 doors close
  4335 | D:6      | Noticed Eustachio
  4335 | D:6      | Eustachio changed into Eustachio the porcupine
  4335 | D:6      | XOM: polymorph Eustachio -> Eustachio the porcupine
  4337 | D:6      | Killed Eustachio the porcupine
  4416 | D:6      | XOM: god gift: short smoking staff {god gift}
  4549 | D:6      | XOM: god gift: green potion {god gift}
  4630 | D:6      | Found an iron altar of Okawaru.
  4670 | D:6      | Noticed Menkaure
  4679 | D:6      | Killed Menkaure
  4679 | D:6      | Reached skill level 10 in Long Blades
  5079 | D:6      | Noticed Pikel
  5098 | D:6      | Killed Pikel
  5098 | D:6      | Gained mutation: When low on magic, you restore magic in
                  | place of health. [demonic ancestry]
  5098 | D:6      | Reached XP level 9. HP: 32/71 MP: 7/9
  5519 | D:6      | Found a shimmering altar of Xom.
  5590 | D:6      | Noticed Sigmund
  5595 | D:6      | Killed Sigmund
  5737 | D:7      | XOM: 1-stop teleportation journey
  5798 | D:7      | XOM: fake destruction
  5815 | D:7      | XOM: 1-stop teleportation journey
  6067 | D:7      | XOM: scenery: create altars
  6112 | D:7      | XOM: 5-stop teleportation journey
  6139 | D:7      | Learned a level 5 spell: Bolt of Magma
  6224 | D:7      | XOM: noise
  6238 | D:7      | XOM: harmless Tmut miscast
  6244 | D:7      | Reached skill level 1 in Conjurations
  6251 | D:7      | XOM: polymorph orc warrior -> ice beast
  6372 | D:7      | XOM: scenery: create altars
  6451 | D:7      | Found Oshuxucy's Assorted Antiques.
  6461 | D:7      | Bought a scroll of enchant weapon for 157 gold pieces
  6461 | D:7      | Bought a scroll of enchant weapon for 157 gold pieces
  6496 | D:7      | Found a basalt altar of Yredelemnul.
  6496 | D:7      | Found a hazy altar of Hepliaklqana.
  6496 | D:7      | Found a hide-covered altar of Uskayaw.
  6815 | D:8      | Reached skill level 5 in Conjurations
  6852 | D:8      | Noticed Maurice
  6857 | D:8      | XOM: silly message
  6859 | D:8      | XOM: noise
  6862 | D:8      | XOM: cast spell 'Summon Butterflies'
  6893 | D:8      | Noticed Maurice
  6893 | D:8      | Maurice changed into Maurice the scorpion
  6894 | D:8      | Killed Maurice the scorpion
  7000 | D:8      | XOM: mild Tmut miscast
  7036 | D:8      | Found a white marble altar of Elyvilon.
  7119 | D:8      | XOM: divination: detect creatures
  7121 | D:8      | XOM: enchant monster (good)
  7128 | D:8      | Gained mutation: You sometimes gain power by taking damage.
                  | [demonic ancestry]
  7128 | D:8      | Reached XP level 10. HP: 49/80 MP: 7/10
  7467 | D:8      | XOM: severe Necr miscast
  7682 | D:9      | Noticed a death yak
  7683 | D:9      | Noticed a death yak
  7684 | D:9      | XOM: fake destruction
  7686 | D:9      | Noticed a death yak
  7699 | D:9      | XOM: fog
  7765 | D:8      | XOM: cloud trail
  7907 | D:9      | XOM: summons 7 friendly demons
  8141 | D:9      | Found a staircase to the Lair.
  8158 | D:9      | Noticed a death yak
  8158 | D:9      | Noticed a death yak
  8158 | D:9      | XOM: enchant monster (good)
  8158 | D:9      | Noticed a death yak
  8165 | D:9      | Killed a death yak
  8175 | D:9      | XOM: 3-stop teleportation journey
  8297 | D:9      | XOM: enchant monster (good)
  8413 | D:9      | XOM: potion effect (heal wounds)
  8435 | D:9      | XOM: harmless Ice miscast
  8535 | D:9      | XOM: noise
  8564 | D:9      | XOM: smoke on damage
  8624 | D:9      | Noticed a two-headed ogre
  8639 | D:9      | XOM: silly message
  8640 | D:9      | XOM: divination: magic mapping
  8643 | D:9      | XOM: fog
  8648 | D:9      | XOM: harmless Summ miscast
  8656 | D:9      | XOM: potion effect (heal wounds)
  8660 | D:9      | XOM: potion effect (curing)
  8687 | D:9      | Killed a two-headed ogre
  8687 | D:9      | Reached skill level 10 in Conjurations
  8750 | D:9      | XOM: silly message
  8970 | D:9      | Killed a death yak
  8985 | D:9      | XOM: summons 4 friendly demons
  8987 | D:9      | XOM: polymorph ufetubus -> white imp
  9028 | D:9      | XOM: cleaving
  9041 | D:9      | XOM: potion effect (heal wounds)
  9051 | D:9      | Noticed a minotaur
  9051 | D:9      | a death yak changed into a minotaur
  9051 | D:9      | XOM: polymorph death yak -> minotaur
  9053 | D:9      | XOM: cast spell 'Metabolic Englaciation'
  9054 | D:9      | XOM: cast spell 'Metabolic Englaciation'
  9055 | D:9      | XOM: summons 3 friendly demons
  9063 | D:9      | XOM: enchant monster (good)
  9084 | D:9      | XOM: enchant monster (good)
  9351 | D:9      | XOM: stat loss: -1 Int (12/13)
  9365 | D:9      | Noticed a dire elephant
  9365 | D:9      | a minotaur changed into a dire elephant
  9371 | D:9      | Killed a dire elephant
  9371 | D:9      | Reached XP level 11. HP: 45/85 MP: 11/11
  9458 | D:9      | XOM: noise
  9554 | D:9      | XOM: repel stairs
  9608 | D:8      | XOM: god gift: short glowing staff {god gift}
  9633 | D:10     | Entered Level 10 of the Dungeon
  9682 | D:10     | XOM: scenery: create altars
  9759 | D:10     | XOM: 1-stop teleportation journey
  9935 | D:10     | Noticed a fire giant
  9948 | D:10     | XOM: confuse monster(s)
  9970 | D:10     | Identified Pizycupn's Compendium of Cloudy Fire (Xom gifted
                  | it to you on level 10 of the Dungeon)
  9970 | D:10     | XOM: god gift: Pizycupn's Compendium of Cloudy Fire
 10113 | D:10     | Reached skill level 1 in Fire Magic
 10231 | D:10     | XOM: divine lightning
 10540 | D:11     | XOM: enchant monster (good)
 10552 | D:11     | XOM: summons friendly white imp
 10624 | D:11     | XOM: 2-stop teleportation journey
 10629 | D:11     | Noticed Gastronok
 10635 | D:11     | XOM: divination: detect creatures
 10638 | D:11     | XOM: harmless Pois miscast
 10642 | D:10     | XOM: divination: magic mapping
 10661 | D:10     | XOM: swap monsters
 10677 | D:10     | XOM: divination: detect creatures
 10687 | D:10     | XOM: draining
 10963 | D:11     | XOM: give mutation
 10963 | D:11     | Lost mutation: Your flesh is cold resistant. (rC+) [Xom's
                  | mischief]
 10979 | D:11     | Found a portal to a secret trove of treasure.
 11084 | D:11     | XOM: give mutations
 11084 | D:11     | Lost mutation: You are robust. (+10% HP) [Xom's mischief]
 11084 | D:11     | Gained mutation: You are clumsy. (Dex -2) [Xom's mischief]
 11084 | D:11     | Gained mutation: You are frail. (-10% HP) [Xom's mischief]
 11084 | D:11     | Gained mutation: You possess an exceptional clarity of
                  | mind. [Xom's mischief]
 11171 | D:11     | Noticed an unseen horror
 11188 | D:11     | an unseen horror changed into a shapeshifter
 11454 | D:11     | Noticed an unseen horror
 11464 | D:11     | XOM: summons 2 friendly demons
 11475 | D:11     | Killed an unseen horror
 11679 | D:11     | Noticed Nergalle
 11681 | D:11     | XOM: potion effect (agility)
 11734 | D:11     | XOM: god gift: 66 gold pieces
 11798 | D:11     | Noticed Nergalle
 11798 | D:11     | Nergalle changed into Nergalle the mana viper
 11798 | D:11     | Noticed Nergalle
 11798 | D:11     | Nergalle the mana viper changed into Nergalle the death
                  | drake
 11798 | D:11     | XOM: polymorph Nergalle the mana viper -> Nergalle the
                  | death drake
 11804 | D:11     | XOM: fog
 11812 | D:11     | XOM: cast spell 'Cause Fear'
 11816 | D:11     | XOM: mild Fire miscast
 11829 | D:11     | Lost mutation: You are clumsy. (Dex -2) [potion of
                  | mutation]
 11829 | D:11     | Lost mutation: You are frail. (-10% HP) [potion of
                  | mutation]
 11829 | D:11     | Lost mutation: You possess an exceptional clarity of mind.
                  | [potion of mutation]
 11829 | D:11     | Gained mutation: Your system is resistant to poisons.
                  | (rPois) [potion of mutation]
 11829 | D:11     | Gained mutation: Your mind is acute. (Int +2) [potion of
                  | mutation]
 11829 | D:11     | Gained mutation: You have an increased reservoir of magic.
                  | (+10% MP) [potion of mutation]
 11832 | D:11     | Lost mutation: Your system is resistant to poisons. (rPois)
                  | [potion of mutation]
 11832 | D:11     | Lost mutation: Your mind is acute. (Int +2) [potion of
                  | mutation]
 11832 | D:11     | Lost mutation: You have an increased reservoir of magic.
                  | (+10% MP) [potion of mutation]
 11832 | D:11     | Gained mutation: Your flesh is heat resistant. (rF+)
                  | [potion of mutation]
 11832 | D:11     | Gained mutation: You are agile. (Dex +2) [potion of
                  | mutation]
 11833 | D:11     | HP: 5/115 [poisoned by Nergalle (foul vapour)]
 11835 | D:11     | XOM: mild Tmut miscast
 11835 | D:11     | HP: 2/114 [Nergalle the death drake (1)]
 11836 | D:11     | Engulfed by Nergalle the death drake's foul pestilence

Skill      XL: |  1  2  3  4  5  6  7  8  9 10 11 |
---------------+----------------------------------+-----
Long Blades    | 3 4 5 6 7 9 10 11 | 11.1
Armour         | 2 3 |  3.3
Ice Magic      | 2 3 |  3.9
Fighting       | 4 |  4.3
Conjurations   | 6 10 11 | 11.1
Fire Magic     | 3 |  3.9
Dodging        | |  0.8

Action                   |  1- 3 |  4- 6 |  7- 9 | 10-12 || total
-------------------------+-------+-------+-------+-------++-------
Melee: Falchion          |    77 |   224 |   391 |   456 ||  1148
       Kick              |    21 |    53 |   129 |   172 ||   375
 Cast: Freeze            |       |       |     3 |       ||     3
Evoke: Wand              |       |       |       |     2 ||     2
  Use: Potion            |       |     2 |     4 |    12 ||    18
       Scroll            |       |     1 |    12 |     3 ||    16
 Stab: Sleeping          |     1 |       |       |       ||     1
       Paralysed         |     1 |       |     8 |     4 ||    13
       Confused          |       |     1 |     4 |     6 ||    11
       Distracted        |       |       |     1 |       ||     1
       Petrified         |       |       |       |    19 ||    19
       Petrifying        |       |       |       |     6 ||     6
  Eat: Chunk             |     1 |     6 |    13 |    17 ||    37
       Ration            |       |       |     1 |     1 ||     2
Armor: Leather armour    |    65 |    87 |   140 |    22 ||   314
       Chain mail        |       |       |       |   192 ||   192
       Skin              |       |       |       |     1 ||     1
Dodge: Dodged            |    42 |   129 |   170 |   139 ||   480
       Rpst.: Falchion   |    16 |    36 |    55 |    32 ||   139
